 Dungeon Crawl Stone Soup version 0.18-a0-1347-gb9e2fb4 (webtiles) character file.

86 M4edhros the Insei (level 4, -2/35 HPs)
             Began as a Mummy Monk on Feb 17, 2016.
             Splashed by a jelly's acid (8 damage)
             ... on level 5 of the Dungeon.
             The game lasted 00:05:07 (3840 turns).

M4edhros the Insei (Mummy Monk)                     Turns: 3840, Time: 00:05:08

Health: -2/35      AC:  1    Str: 17    XL:     4   Next: 26%
Magic:  4/4        EV: 13    Int:  9    God:
Gold:   167        SH:  0    Dex: 15    Spells: 0 memorised, 3 levels left

rFire  x . .     SeeInvis .       - Unarmed
rCold  + . .     Gourm    .     (no armour)
rNeg   + + +     Faith    .     (no shield)
rPois  ∞         Spirit   .     e - +0 helmet
rElec  .         Dismiss  .     (no cloak)
rCorr  .         Reflect  .     (no gloves)
SustAt .         Harm     .     (no boots)
MR     .....                    (no amulet)
Stlth  ++........               (no ring)
                                d - +3 ring of strength

@: not resistant to hostile enchantments, unstealthy
A: no food or potions, fire vulnerability, cold resistance 1, negative energy
resistance 3, torment resistance, unbreathing
a: no special abilities


You were on level 5 of the Dungeon.
You were not hungry.

You visited 1 branch of the dungeon, and saw 5 of its levels.

You collected 167 gold pieces.

Inventory:

Missiles
 a - 5 silver bolts (quivered)
Armour
 e - a +0 helmet (worn)
Jewellery
 d - a +3 ring of strength (left hand)
Scrolls
 b - 2 scrolls of identify {unknown}
 f - 2 scrolls of remove curse {unknown}
 g - a scroll of random uselessness {unknown}
Comestibles
 c - 2 bread rations


   Skills:
 - Level 3.0 Fighting
 - Level 2.4 Dodging
 - Level 1.5 Stealth
 + Level 4.8 Unarmed Combat


You had 3 spell levels left.
You didn't know any spells.

Dungeon Overview and Level Annotations

Branches:
Dungeon (5/15)
 Temple: D:4-7

Altars:

Annotations:
D:3 Azzok's ghost, amateur TrFi
D:4 Dowan; Duvessa; YrmMerkstave's ghost, amateur MfGl
D:5 exclusion: ogre


Innate Abilities, Weirdness & Mutations

You do not eat or drink.
Your flesh is vulnerable to fire.
You are immune to poison.
Your flesh is cold resistant.
You are immune to negative energy.
You are immune to unholy pain and torment.
You can survive without breathing.


Message History

You hit the jelly but do no damage. The acid corrodes you!
Your hands burn!
The jelly is heavily wounded.
The jelly hits you.
You are splashed with acid!
The acid burns!
You hit the jelly.
Your hands burn!
The jelly is almost dead.
The jelly closely misses you.
You barely miss the jelly.
The jelly is almost dead.
The jelly hits you.
You are splashed with acid!
The acid burns!
* * * LOW HITPOINT WARNING * * *
You are no longer corroded.
You completely miss the jelly.
The jelly is almost dead.
You hit the jelly.
Your hands burn!
* * * LOW HITPOINT WARNING * * *
The jelly is almost dead.
The jelly hits you.
* * * LOW HITPOINT WARNING * * *
You are splashed with acid!
The acid burns!
You die...

######.#.#.#......
#............†....
#.####.#......##.#
#.# #.##.##.###.# #.#
#.....#.....# #.#
#########..<. #.#
#.......... ###J#
#.######... #..@#
#.######.#. #.###
#.#........
##.########.#.#...=..
#.†......##.#.#)###..
#........##.#.#.#....
#........##.#.#.#.##.
#........##.#.#.#....
##.#.#.####.#.#.####.
##.#.#.#....#.#.# #.


You could see a jelly.

Vanquished Creatures
  A centaur skeleton (D:4)
  An adder (D:2)
  A worm (D:2)
  A giant gecko (D:5)
  An orc (D:5)
  5 bats
  A giant cockroach (D:2)
  3 goblins
  8 hobgoblins
  3 jackals (D:2)
  A giant cockroach zombie (D:5)
  4 giant newts
  5 kobolds
  11 rats
46 creatures vanquished.

Vanquished Creatures (others)
  A goblin (D:1)
1 creature vanquished.

Grand Total: 47 creatures vanquished

Notes
Turn   | Place    | Note
--------------------------------------------------------------
     0 | D:1      | M4edhros the Mummy Monk began the quest for the Orb.
     0 | D:1      | Reached XP level 1. HP: 18/18 MP: 1/1
   393 | D:1      | Reached XP level 2. HP: 24/24 MP: 2/2
  2300 | D:2      | Reached skill level 4 in Unarmed Combat
  2507 | D:2      | Reached XP level 3. HP: 22/29 MP: 3/3
  3120 | D:3      | Noticed Azzok's ghost (amateur TrFi)
  3291 | D:4      | Reached XP level 4. HP: 8/35 MP: 4/4
  3314 | D:4      | Noticed YrmMerkstave's ghost (amateur MfGl)
  3541 | D:4      | Noticed Duvessa
  3541 | D:4      | Noticed Dowan
  3545 | D:5      | Entered Level 5 of the Dungeon
  3767 | D:5      | Noticed an ogre
  3840 | D:5      | Splashed by a jelly's acid

Vault maps used:
D:1:      saegor_arrival_miasma
D:2:      first_bread
D:3:      st_stairs_7
D:4:      lemuel_round_altar, minmay_temple_entry_nine_rooms, serial_shops,
          shop_statue, grunt_ministairs_14, uniq_menkaure, uniq_duvessa

Action                   |  1- 3 |  4- 6 || total
-------------------------+-------+-------++-------
Melee: Unarmed           |   125 |    17 ||   142
 Stab: Sleeping          |     2 |       ||     2
